AoeStats
← waLLefps.

African Clearing

506837421Analyzed
2v2 RM · 17d ago on Sep 15, 2026· 27m 38s· 4 players
Game mode
Random Map
Map size
Medium (4 player)
Population
200
Speed
Normal
Resources
Standard
Victory
Conquest
Starting age
Dark Age
Ending age
Imperial Age
RankedLock teamsTeams togetherTeam positionsShared explorationLock speedFull tech treeHidden civsTurbo modeCheats
Victory
Defeat
🇹🇷 Chinese · Türkiye
1413
+13
🇹🇷 Aztecs · Türkiye
1389
+14
🇭🇰 Chinese · Hong Kong SAR China
1354
-14
🇭🇰 Burgundians · Hong Kong SAR China
1346
-13
leo2000112
3:13 Loom
12:04 Feudal Age
12:53 Stone Mining
14:37 Fletching
15:47 Horse Collar
blue
7:35 Double-Bit Axe
11:13 Loom
13:29 Feudal Age
13:15 Wheelbarrow
12:33 Gold Mining
14:27 Bow Saw
20:19 Castle Age
18:50 Stone Mining
19:10 Horse Collar
21:08 Stone Shaft Mining
waLLefps.
3:02 Loom
14:25 Feudal Age
14:55 Double-Bit Axe
16:56 Fletching
Tameryig1t
7:48 Loom
7:52 Loom
15:00 Feudal Age
20:15 Castle Age
18:51 Double-Bit Axe
18:50 Horse Collar
19:39 Arson
20:11 Scale Mail Armor
20:21 Forging
21:12 Squires
20:57 Gambesons
Connection lost

Rejoining the realm…

Still unreachable

The connection could not be restored.

Session expired

The server has moved on; the page needs a fresh start.